Map: Efflorescence LE

Players

Massa - Winner!

  • Race: Terran Terran
  • League: Platinum
  • Spawn Location: 3:00

qqq - Winner!

  • Race: Zerg Zerg
  • League: Platinum
  • Spawn Location: 12:00

umbraVirens

  • Race: Zerg Zerg
  • League: Diamond
  • Spawn Location: 6:00

umbraFurvus

  • Race: Protoss Protoss
  • Spawn Location: 9:00

VOD

Have the link to the VOD?

Description

Time

  • Played on: Jan. 7, 2021, 2:54 p.m.
  • Length: 4:28
Show
View Real Time Build Order
Export as new Build Order

Massa Terran - Winner!

Build Orders:  

Get SALT Encoding   

  12  0:00  SCV  
  13  0:12  SCV  
  14  0:18  Supply Depot  
  14  0:24  SCV  
  15  0:39  SCV  
  15  0:41  Barracks  
  16  0:46  Refinery  
  16  0:51  SCV  
  17  0:58  Supply Depot  
  17  1:04  SCV  
  18  1:14  Barracks  
  18  1:17  SCV  
  19  1:30  Barracks  
  19  1:35  SCV  
  19  1:37  Marine  
  21  1:53  Supply Depot  
  21  1:59  Barracks Tech Lab  
  21  2:02  Marine  
  21  2:08  Orbital Command  
  22  2:17  Marine  
  22  2:18  Marine  
  22  2:22  Stimpack  
  24  2:25  Marine  
  25  2:35  Marine  
  25  2:36  Marauder  
  28  2:42  Supply Depot  
  28  2:43  Marine  
  29  2:53  Marine  
  29  2:58  Marauder  
  32  3:01  Marine  
  33  3:11  Marine  
  34  3:19  Marauder, Marine  
  37  3:21  Supply Depot  
  37  3:28  Marine  
  38  3:37  Marine  
  38  3:41  Marauder  
  41  3:46  Marine  
  42  3:55  Marine  
  43  4:02  Marauder  
  45  4:04  Marine  
Show
View Real Time Build Order
Export as new Build Order

qqq Zerg - Winner!

Build Orders: Hatch First 

Get SALT Encoding   

  12  0:00  Drone  
  13  0:11  Drone  
  14  0:19  Overlord  
  14  0:46  Hatchery  
  13  0:51  Drone  
  13  0:53  Drone  
  15  0:58  Drone  
  16  1:18  Spawning Pool  
  16  1:21  Drone  
  16  1:24  Extractor  
  15  1:25  Drone  
  15  1:32  Drone  
  17  1:38  Drone  
  18  1:52  Drone  
  19  1:56  Drone  
  19  1:59  Drone  
  21  2:05  Queen  
  23  2:10  Queen  
  23  2:14  Drone  
  26  2:20  Overlord  
  26  2:23  Zergling x2  
  27  2:33  Zergling x2  
  27  2:35  Overlord  
  28  2:39  Metabolic Boost  
  28  2:41  Zergling x2  
  29  2:50  Drone x2  
  30  2:51  Zergling x2  
  30  2:54  Zergling x2  
  32  3:06  Overlord  
  32  3:07  Zergling x2  
  33  3:19  Zergling x4  
  36  3:20  Zergling x4, Overlord  
  36  3:22  Drone  
  36  3:24  Zergling x2  
  39  3:29  Zergling x2  
  39  3:32  Zergling x2  
  41  3:34  Zergling x2  
  41  3:40  Baneling Nest  
  41  3:47  Zergling x2  
  41  3:48  Zergling x2  
  43  3:49  Drone  
  44  3:58  Drone  
  47  4:18  Hatchery  
Show
View Real Time Build Order
Export as new Build Order

umbraVirens Zerg 

Build Orders: Hatch First 

Get SALT Encoding   

  12  0:00  Drone  
  13  0:14  Overlord  
  13  0:18  Drone  
  14  0:33  Drone x2  
  16  0:52  Hatchery  
  15  0:57  Drone  
  16  1:05  Drone  
  16  1:06  Drone  
  18  1:12  Extractor  
  17  1:20  Spawning Pool  
  16  1:30  Drone x2  
  16  1:31  Drone  
  19  1:45  Drone  
  20  1:54  Overlord  
  20  2:06  Queen  
  20  2:07  Queen  
  24  2:10  Zergling x4  
  26  2:21  Drone  
  26  2:22  Drone  
  28  2:31  Metabolic Boost  
  28  2:33  Zergling x4  
  30  2:42  Drone x2  
  32  2:54  Drone x2  
  32  2:58  Baneling Nest  
  33  3:02  Drone x2  
  35  3:11  Overlord  
  35  3:22  Extractor, Queen  
  35  3:24  Overlord  
  36  3:27  Lair  
  36  3:40  Zergling x8  
  36  3:41  Zergling x8  
  43  3:43  Drone x2  
  46  4:04  Drone x4  
Show
View Real Time Build Order
Export as new Build Order

umbraFurvus Protoss 

Build Orders: 1 Gate Expand 

Get SALT Encoding   

  12  0:00  Probe  
  13  0:13  Probe  
  14  0:18  Pylon  
  14  0:25  Probe  
  15  0:39  Gateway  
  15  0:40  Probe (Chrono Boost)  
  17  0:50  Probe (Chrono Boost)  
  17  0:51  Assimilator  
  17  0:55  Probe (Chrono Boost)  
  18  1:20  Nexus  
  18  1:29  Assimilator  
  18  1:36  Cybernetics Core  
  18  1:43  Pylon  
  18  1:57  Pylon  
  18  2:03  Warp Gate  
  18  2:11  Stalker (Chrono Boost)  
  20  2:18  Probe  
  21  2:30  Probe  
  21  2:34  Stalker  
  24  2:42  Probe x2  
  26  2:54  Probe x2  
  28  3:06  Probe, Stargate  
  29  3:16  Stalker (Chrono Boost)  
  29  3:18  Probe  
  32  3:21  Twilight Council  
  32  3:22  Probe  
  33  3:30  Probe  
  34  4:01  Stalker  
Tags
 
Add a new tag
Caveats
  • Supply blocks, unpowered buildings, or Contaminate may cause inaccurate times.
  • Supply counts are checked every 10 seconds.